cohdb
Replays
Latest Replays
All Replays
Popular Replays
Top Player Replays
Match Explorer
How It Works
Community
CoH3 Stats
Reddit
Sign in to upload your games and track your stats! →
Sign in with Steam
Match 45499387
Unlisted
Match 45499387
Overview
Messages
Build Orders
End
Engineer Squad
Construct Weapon Support Center
Construct Weapon Support Center
M1919 Machine Gun Team
M1919 Machine Gun Team
Bazooka Squad
Mortar Pit
Construct Medical Station
Bazooka Squad
Mortar Pit
Mechanized Support Center
M3 Armored Personnel Carrier
Construct Tank Depot
Improved M9 Bazooka Rockets
.30 cal Machine Gun
roland8510
[TW]S.C.
MatermesGK
FlyPigSWC
RockWoo
DEHIM
엘비
WARlordS
0
0
Comments
sign in to comment!
No comments posted yet!